 Dungeon Crawl Stone Soup version 0.24-a0-139-geb6712d (webtiles) character file.

Game seed: 15692874741263130132

2958 Anon1729 the Sneak (level 9, 0/62 HPs)
             Began as an Octopode Fighter on Mar 2, 2019.
             Was a Believer of Ru.
             Slain by an orc
             ... wielding a +0 hand axe
              (8 damage)
             ... on level 8 of the Dungeon.
             The game lasted 00:21:09 (9055 turns).

Anon1729 the Sneak (Octopode Fighter)               Turns: 9055, Time: 00:21:10

Health: 0/62       AC:  1    Str: 19    XL:     9   Next: 81%
Magic:  9/9        EV: 14    Int: 10    God:    Ru [**....]
Gold:   318        SH: 10    Dex: 11    Spells: 8/8 levels left

rFire    . . .     SeeInvis .     - Unarmed
rCold    + . .     Gourm    .   a - +0 shield
rNeg     + . .     Faith    .   (helmet restricted)
rPois    .         Spirit   .   y - amulet of the Four Winds {rN+ MR+++ Clar}
rElec    .         Reflect  .   f - ring of wizardry
rCorr    .         Harm     .   j - ring of protection from cold
MR       +++..     Clarity  +   u - ring of attention (curse)
Stlth    +++.......             (no ring)
HPRegen  0.00/turn              (no ring)
MPRegen  0.11/turn              (no ring)
                                (no ring)
                                (no ring)

@: no status effects
A: almost no armour, stealthy swim, amphibious, 8 rings, constrict 8, camouflage
1, inhibited regeneration, gelatinous body 1, unskilled 1
a: Renounce Religion


You were on level 8 of the Dungeon.
You worshipped Ru.
Ru was pleased with you.
You were not hungry.

You visited 2 branches of the dungeon, and saw 9 of its levels.
You also visited: Ossuary.

You collected 318 gold pieces.

Inventory:

Hand Weapons
 B - a +1 trident of protection
Missiles
 o - 6 needles of confusion
 s - 19 poisoned needles
 x - 5 javelins of returning (quivered)
Armour
 a - a +0 shield (worn)
Jewellery
 f - a ring of wizardry (left tentacle)
 j - a ring of protection from cold (right tentacle)
 u - a cursed ring of attention (on tentacle)
 y - the amulet of the Four Winds (around mantle) {rN+ MR+++ Clar}
   (You found it on level 5 of the Dungeon)

   [amulet of nothing]

   It protects you from negative energy.
   It affects your resistance to hostile enchantments.
   It protects you against confusion.
 E - an uncursed amulet of regeneration {unknown}
Wands
 v - a wand of iceblast (1)
Scrolls
 e - 4 scrolls of amnesia {unknown}
 g - 3 scrolls of remove curse
 h - 3 scrolls of blinking {unknown}
 n - 4 scrolls of enchant weapon
 p - a scroll of fog {unknown}
 q - 3 scrolls of teleportation {unknown}
 r - 6 scrolls of identify
 z - 4 scrolls of enchant armour {unknown}
 F - a scroll of immolation {unknown}
Potions
 b - 2 potions of might
 d - a potion of ambrosia {unknown}
 i - a potion of agility {unknown}
 k - 3 potions of flight {unknown}
 l - 2 potions of heal wounds {unknown}
 m - 2 potions of curing
 t - a potion of lignification {unknown}
 w - 2 potions of magic {unknown}
 A - 3 potions of haste {unknown}
 C - a potion of degeneration {unknown}
 D - a potion of brilliance {unknown}
Comestibles
 c - 9 rations
 G - a chunk of flesh


   Skills:
 + Level 6.0 Fighting
 + Level 6.1 Dodging
 + Level 7.6 Stealth
 + Level 6.1 Shields
 + Level 5.6 Unarmed Combat


You had 8 spell levels left.
You didn't know any spells.
Your spell library contained the following spells:

 Spells                   Type           Power        Failure   Level  Hunger
 Infusion                 Chrm           #...         41%         1    ##.....
 Summon Small Mammal      Summ           #...         41%         1    ##.....
 Call Imp                 Summ           #.......     54%         2    ###....
 Shroud of Golubria       Chrm/Tloc      #.........   54%         2    ###....
 Song of Slaying          Chrm           #.......     54%         2    ###....
 Call Canine Familiar     Summ           #.......     77%         3    ####...
 Regeneration             Chrm/Necr      #.........   77%         3    ####...
 Spectral Weapon          Hex/Chrm       #.......     77%         3    ####...
 Summon Guardian Golem    Hex/Summ       #.......     77%         3    ####...
 Summon Ice Beast         Ice/Summ       #.......     98%         4    #####..
 Summon Lightning Spire   Summ/Air       #.......     98%         4    #####..


Dungeon Overview and Level Annotations

Branches:
Dungeon (8/15)             Temple (1/1) D:4
   Lair: D:8-11

Altars:
Elyvilon
Gozag
Hepliaklqana
Makhleb
Nemelex Xobeh
Ru
Yredelemnul
The Shining One

Shops:
D:5 [

Annotations:
D:8 exclusions: 3 killer bees and 2 two-headed ogres


Innate Abilities, Weirdness & Mutations

You cannot wear most types of armour.
You are very stealthy in the water. (Stealth+)
You are amphibious.
You can wear up to eight rings at the same time.
You can use your tentacles to constrict eight enemies at once.
Your skin changes colour to match your surroundings (Stealth+).
You do not regenerate when monsters are visible.
Your rubbery body absorbs attacks. (AC +1, EV +1)
You are somewhat unskilled. (-1 Apt)


Message History

The killer bee is severely wounded.
You constrict the killer bee. You block the killer bee's attack.
You redirect the killer bee's attack!
The killer bee stings the orc but does no damage.
You block the orc's attack. The orc misses you.
Unknown command.
You tentacle-slap the killer bee.
You kill the killer bee!
You block the orc's attack. The orc barely misses you.
You block the quokka's attack.
Unknown command.
The quokka barely misses you.
The orc hits you with a cursed -1 falchion.
* * * LOW HITPOINT WARNING * * *
You block the orc's attack.
There is a stone staircase leading up here.
You bludgeon the orc!
You kill the orc!
You block the quokka's attack. The orc hits you with a +0 hand axe!
You die...

#..........#.......+
...........#.......#
...........##......#
...........##......#
........[..#.......+
#...###.[..##......#
#... ##....##......#
+.. #.............#
#. #........o@r..#
#........o....#
###############


You could see 2 orcs and a quokka.

Vanquished Creatures
  Grinder (D:6)
  Sigmund (D:5)
  Eustachio (D:5)
  Menkaure (D:7)
  An orc warrior (D:6)
  2 sky beasts (D:7)
  3 ogres
  Blork the orc (D:5)
  3 bullfrogs
  2 gnoll sergeants
  A scorpion (D:6)
  10 killer bees
  A wight (D:6)
  An electric eel (D:8)
  2 crimson imps (D:7)
  A howler monkey (D:5)
  5 hounds
  An orc priest (D:8)
  A jelly (D:6)
  A centaur skeleton (D:7)
  3 orc wizards
  An iguana (D:5)
  A worker ant (D:6)
  5 big kobold zombies (Ossuary)
  A mummy (Ossuary)
  12 gnolls
  5 adders
  2 shadow imps
  2 adder zombies (D:6)
  An adder skeleton (D:6)
  A worm (D:6)
  4 dart slugs
  2 leopard geckos (D:5)
  18 orcs
  2 spectral bats (Ossuary)
  A ball python (D:4)
  6 giant cockroaches
  7 gnoll zombies (Ossuary)
  5 goblins
  3 hobgoblins
  10 jackals
  2 quokkas
  6 bats
  3 bat simulacra (Ossuary)
  5 frilled lizards
  2 goblin simulacra (Ossuary)
  4 goblin zombies
  6 hobgoblin zombies (Ossuary)
  3 kobolds
  4 kobold simulacra (Ossuary)
  6 kobold zombies (Ossuary)
  A leopard gecko skeleton (D:8)
  3 orc zombies (Ossuary)
  A quokka skeleton (D:7)
  A quokka zombie (D:5)
  4 rats
  3 rat simulacra (Ossuary)
  3 spectral goblins (Ossuary)
  5 spectral kobolds (Ossuary)
  3 spectral rats (Ossuary)
197 creatures vanquished.

Notes
Turn   | Place    | Note
-------+----------+-------------------------------------------
     0 | D:1      | Anon1729 the Octopode Fighter began the quest for the Orb.
     0 | D:1      | Reached XP level 1. HP: 16/16 MP: 1/1
     3 | D:1      | Noticed an electric eel
     3 | D:1      | Noticed an electric eel
   133 | D:1      | Reached XP level 2. HP: 21/21 MP: 2/2
   142 | D:1      | Reached skill level 1 in Stealth
   652 | D:2      | Reached XP level 3. HP: 26/26 MP: 3/3
   863 | D:2      | Reached skill level 2 in Stealth
   895 | D:2      | Found a white marble altar of Elyvilon.
   929 | D:2      | Reached XP level 4. HP: 5/31 MP: 4/4
  1763 | D:2      | Found a sparkling altar of Nemelex Xobeh.
  2877 | D:4      | Noticed an ogre
  2878 | D:4      | Reached XP level 5. HP: 31/37 MP: 5/5
  3274 | D:4      | Found a staircase to the Ecumenical Temple.
  3297 | Temple   | Entered the Ecumenical Temple
  3311 | Temple   | Became a worshipper of Ru the Awakened
  3381 | D:4      | Reached skill level 3 in Stealth
  3390 | D:4      | Killed an ogre
  3390 | D:4      | Reached XP level 6. HP: 17/43 MP: 6/6
  3959 | D:5      | Entered Level 5 of the Dungeon
  3961 | D:5      | Found Tikh's Antique Armour Boutique.
  3971 | D:5      | Found the amulet of the Four Winds {rN+ MR+++ Clar}
  4063 | D:5      | Reached skill level 4 in Stealth
  4270 | D:5      | Reached XP level 7. HP: 16/48 MP: 7/7
  4350 | D:5      | Noticed Sigmund
  4368 | D:5      | Found a sand-covered staircase.
  4375 | Ossuary  | Entered an ossuary
  4861 | Ossuary  | Gained mutation: You are somewhat unskilled. (-1 Apt) [Ru
                  | sacrifice]
  4861 | Ossuary  | Reached * piety under Ru
  4861 | Ossuary  | Reached ** piety under Ru
  5169 | D:5      | Killed Sigmund
  5186 | D:5      | Noticed Eustachio
  5204 | D:5      | Killed Eustachio
  5204 | D:5      | Reached XP level 8. HP: 37/54 MP: 8/8
  5319 | D:5      | Noticed Blork the orc
  5330 | D:5      | Killed Blork the orc
  5330 | D:5      | Reached skill level 5 in Stealth
  6147 | D:6      | Noticed Grinder
  6243 | D:6      | Reached skill level 5 in Fighting
  6243 | D:6      | Reached skill level 5 in Dodging
  6243 | D:6      | Reached skill level 5 in Shields
  6451 | D:7      | Reached skill level 6 in Stealth
  6741 | D:7      | Reached XP level 9. HP: 17/61 MP: 9/9
  7366 | D:7      | Noticed Menkaure
  7622 | D:6      | Killed Grinder
  7622 | D:6      | Reached skill level 5 in Unarmed Combat
  7667 | D:7      | Killed Menkaure
  8046 | D:7      | Reached skill level 7 in Stealth
  8550 | D:7      | Gained mutation: You do not regenerate when monsters are
                  | visible. [Ru sacrifice]
  8696 | D:8      | Noticed a two-headed ogre
  8717 | D:8      | Noticed a two-headed ogre
  9055 | D:8      | Slain by an orc

Levels and vault maps discovered:
D:1:      arrival_aquarium_b, layout_loops_cross
D:2:      layout_basic, elyvilon_altar_5, st_stairs_7,
          nemelex_diamond_rough_becter
D:3:      layout_basic, first_ration
D:4:      layout_cave_pools, minmay_temple_entry_enclosed_plants, serial_park,
          serial_park_tiny_2, serial_park_gazebo [serial_park_minivault_5x5_1],
          serial_park_square1 [serial_park_minivault_5x5_7], serial_park_tiny_2,
          kennysheep_decorative_pillar, kennysheep_generic_room_7
D:5:      layout_cave_pools, serial_shops, shop_statue, enter_ossuary_4,
          uniq_sigmund, uniq_eustachio, uniq_blork_the_orc
D:6:      layout_rooms, minmay_misc_feat_rugged, kennysheep_generic_room_9,
          uniq_grinder
D:7:      layout_basic, uniq_menkaure
D:8:      layout_gridville, serial_bayou, serial_bayou_crossing,
          serial_bayou_pond_d, serial_bayou_pond_d, serial_bayou_shore_a,
          serial_bayou_pond_b, grunt_pizzeria
Temple:   nicolae_temple_the_god_donut
Ossuary:  ossuary_zaba_two_paths

Skill      XL: |  1  2  3  4  5  6  7  8  9 |
---------------+----------------------------+-----
Stealth        | 1 2 3 4 6 7 |  7.6
Unarmed Combat | 3 4 5 |  5.6
Fighting       | 4 5 6 |  6.0
Dodging        | 4 5 6 |  6.1
Shields        | 4 5 6 |  6.1

Action                   |  1- 3 |  4- 6 |  7- 9 || total
-------------------------+-------+-------+-------++-------
Melee: Unarmed           |    59 |    98 |   355 ||   512
       Constrict         |    21 |    24 |    82 ||   127
       Tentacles         |    15 |    24 |   104 ||   143
       Punch             |     1 |     2 |    12 ||    15
       Trident           |       |       |     8 ||     8
Throw: Javelin           |       |       |     3 ||     3
Invok: Sacrifice Skill   |       |       |     1 ||     1
       Sacrifice Purity  |       |       |     1 ||     1
Evoke: Wand              |       |     1 |     7 ||     8
  Use: Scroll            |       |       |     2 ||     2
       Potion            |       |       |     4 ||     4
 Stab: Sleeping          |     7 |     4 |    19 ||    30
       Distracted        |       |       |     1 ||     1
  Eat: Chunk             |       |    10 |     9 ||    19
       Ration            |       |       |     2 ||     2
Armor: Skin              |     2 |     5 |    13 ||    20
Dodge: Dodged            |    26 |    41 |   123 ||   190
Block: Shield            |    16 |    36 |   127 ||   179

Table legend:
 A = Non-vault XP
 B = Vault XP
 C = Vault XP percentage of total XP
 D = Non-vault monster count
 E = Vault monster count
 F = Vault count percentage of total count
                 A         B        C        D         E       F
            +---------+---------+-------+---------+---------+-------
      Total |    2993 |    1233 |  29.2 |     129 |      68 |  34.5
            +---------+---------+-------+---------+---------+-------
        D:1 |      27 |       0 |   0.0 |      18 |       0 |   0.0
        D:2 |     110 |       1 |   0.9 |      19 |       1 |   5.0
        D:3 |      24 |       0 |   0.0 |       9 |       0 |   0.0
        D:4 |     348 |       0 |   0.0 |      12 |       0 |   0.0
        D:5 |     227 |     512 |  69.3 |       9 |       5 |  35.7
        D:6 |     445 |     331 |  42.7 |      16 |       3 |  15.8
        D:7 |    1549 |     169 |   9.8 |      37 |       1 |   2.6
        D:8 |     261 |      16 |   5.8 |       8 |       2 |  20.0
     Temple |       2 |       0 |   0.0 |       1 |       0 |   0.0
    Ossuary |       0 |     204 | 100.0 |       0 |      56 | 100.0
            +---------+---------+-------+---------+---------+-------
